 Dungeon Crawl Stone Soup version 0.21-a0-137-g951aa02 (webtiles) character file.

177 Ordine the Magician (level 5, 0/42 HPs)
             Began as a Deep Elf Wizard on July 19, 2017.
             Was an Initiate of Sif Muna.
             Slain by an orc
             ... wielding a +0 short sword
              (2 damage)
             ... on level 2 of the Dungeon.
             The game lasted 00:07:10 (3314 turns).

Ordine the Magician (Deep Elf Wizard)               Turns: 3314, Time: 00:07:11

Health: 0/42       AC: 22    Str:  4    XL:     5   Next: 31%
Magic:  9/14       EV:  2    Int: 24    God:    Sif Muna [......]
Gold:   79         SH:  0    Dex: 10    Spells: 3/14 levels left

rFire    . . .     SeeInvis .   g - -2 dagger (curse)
rCold    . . .     Gourm    .   (no shield)
rNeg     + + +     Faith    .   (armour currently unavailable)
rPois    +         Spirit   .   (helmet currently unavailable)
rElec    .         Reflect  .   (cloak currently unavailable)
rCorr    .         Harm     .   (gloves currently unavailable)
MR       .....     NoTele   +   (boots currently unavailable)
Stlth    ++........             (no amulet)
HPRegen  0.14/turn              m - -3 ring of dexterity (curse)
MPRegen  0.14/turn              n - ring of teleportation (curse)

@: tree-form
A: no striking features
a: Renounce Religion


You were on level 2 of the Dungeon.
You worshipped Sif Muna.
Sif Muna was noncommittal.
You were not hungry.
You were a tree.
You visited 1 branch of the dungeon, and saw 3 of its levels.

You collected 79 gold pieces.

Inventory:

Hand Weapons
 g - a cursed -2 dagger (weapon)
Armour
 a - a +0 robe (melded)
 b - a +0 hat (melded)
 h - a +2 buckler
 r - a +0 pair of boots (melded)
Jewellery
 m - a cursed -3 ring of dexterity (left branch)
 n - a cursed ring of teleportation (right branch)
Scrolls
 k - a scroll of teleportation
Potions
 e - 2 potions of invisibility
 l - a potion of flight
 o - a potion of mutation
 q - a potion of curing {unknown}
Books
 c - a book of Minor Magic

   Spells                             Type                      Level
   a - Magic Dart                     Conjuration                  1
   b - Blink                          Translocation                2
   c - Call Imp                       Summoning                    2
   d - Slow                           Hexes                        2
   e - Conjure Flame                  Conjuration/Fire             3
   f - Mephitic Cloud                 Conjuration/Poison/Air       3
Comestibles
 d - 3 bread rations
 f - 2 meat rations
 i - 3 royal jellies
 s - 2 fruits


   Skills:
 - Level 3.0 Dodging
 + Level 3.9 Stealth
 * Level 1.6 Shields
 - Level 5.0 Spellcasting
 + Level 2.4 Conjurations
 + Level 1.5 Summonings
 + Level 1.9 Translocations
 + Level 1.0 Fire Magic
 + Level 0.4 Air Magic


You had 3 spell levels left.
You knew the following spells:

 Your Spells              Type           Power        Failure   Level  Hunger
a - Magic Dart            Conj           ###.         3%          1    None
b - Blink                 Tloc           N/A          6%          2    None
c - Call Imp              Summ           ##......     7%          2    None
d - Conjure Flame         Conj/Fire      ##......     13%         3    ##.....
e - Mephitic Cloud        Conj/Pois/Air  ##......     19%         3    ##.....


Dungeon Overview and Level Annotations

Branches:
Dungeon (3/15)

Altars:
Ashenzari
Dithmenos
Elyvilon
Makhleb
Sif Muna
Vehumet
Zin
The Shining One


Innate Abilities, Weirdness & Mutations

((You can translocate small distances at will.))


Message History

* * * LOW HITPOINT WARNING * * *
The orc hits you.
* * * LOW HITPOINT WARNING * * *
The orc closely misses you.
It was a potion of mutation.
You feel extremely strange. A pair of horns grows on your head!
The horns on your head shrink away.
You feel jittery.
You turn into a tree.
Your +0 hat melds into your body.
Your +0 pair of boots melds into your body.
Your +0 robe melds into your body.
Your roots penetrate the ground.
The orc hits you but does no damage.
Casting: Magic Dart
Confirm with . or Enter, or press ? or * to list all spells.
Aiming: Magic Dart
Press: ? - help, Shift-Dir - straight line, f - orc
Aim: an orc, wielding a short sword and wearing a chain mail (moderately wounded)
The magic dart hits the orc.
The orc is moderately wounded.
The orc hits you with a short sword.
You die...

#.....................#.######
####.#####....................
###.###...#.....####.#.######
#.....#.#.#............#
#.....#.#.#............#
#.....#.#.#............#
#.......#.#o...........######
#.....###>.o.................
###.....# #.##♣..........######
#.......# #.##...........#
#.......# #.##...........#
#....######.#####.######.######
######......# #.# #.......
#.###### #.# ######## #.# #.#
#.# #.# #.# #.#############


You could see 2 orcs.

Vanquished Creatures
  An orc wizard (D:3)
  7 adders
  2 oozes
  2 worms (D:3)
  3 dart slugs
  A leopard gecko (D:1)
  2 orcs (D:3)
  3 ball pythons
  4 giant cockroaches
  8 goblins
  4 hobgoblins
  3 jackals (D:2)
  A quokka (D:2)
  9 bats
  3 frilled lizards
  5 kobolds
  9 rats
67 creatures vanquished.

Vanquished Creatures (others)
  A hobgoblin (D:2)
  A quokka (D:2)
2 creatures vanquished.

Grand Total: 69 creatures vanquished

Notes
Turn   | Place    | Note
-------+----------+-------------------------------------------
     0 | D:1      | Ordine the Deep Elf Wizard began the quest for the Orb.
     0 | D:1      | Reached XP level 1. HP: 10/10 MP: 7/7
   249 | D:1      | Reached XP level 2. HP: 15/15 MP: 6/9
   278 | D:1      | Learned a level 2 spell: Blink
   281 | D:1      | Learned a level 2 spell: Call Imp
   990 | D:1      | Reached XP level 3. HP: 19/19 MP: 6/11
   999 | D:1      | Learned a level 3 spell: Conjure Flame
  1003 | D:1      | Learned a level 3 spell: Mephitic Cloud
  1826 | D:2      | Reached XP level 4. HP: 24/24 MP: 5/12
  1878 | D:2      | Found a white marble altar of Elyvilon.
  1979 | D:2      | Found a shadowy altar of Dithmenos.
  1988 | D:2      | Reached skill level 5 in Spellcasting
  2020 | D:2      | Found a radiant altar of Vehumet.
  2023 | D:2      | Found a burning altar of Makhleb.
  2398 | D:3      | Reached skill level 1 in Shields
  2818 | D:3      | Found a glowing silver altar of Zin.
  2822 | D:3      | Found a deep blue altar of Sif Muna.
  2824 | D:3      | Found a glowing golden altar of the Shining One.
  2826 | D:3      | Found a shattered altar of Ashenzari.
  2830 | D:3      | Became a worshipper of Sif Muna the Loreminder
  3011 | D:3      | Reached XP level 5. HP: 26/28 MP: 9/14
  3095 | D:3      | Reached skill level 1 in Fire Magic
  3309 | D:2      | HP: 1/28 [orc (4)]
  3312 | D:2      | Gained mutation: You have a pair of small horns on your head. [potion of mutation]
  3312 | D:2      | Lost mutation: You have a pair of small horns on your head. [potion of mutation]
  3312 | D:2      | Gained mutation: You can translocate small distances at will. [potion of mutation]
  3314 | D:2      | Slain by an orc

Vault maps used:
D:1:      sevenhm_arrival_forest_fort_large_2, serial_forest,
          infiniplex_forest_lined_room_2, infiniplex_forest_lined_corner,
          infiniplex_forest_lined_2, infiniplex_forest_end_1,
          infiniplex_forest_corner_1, infiniplex_forest_straight_4, minivault_27
D:2:      grunt_temple_overflow_open, elyvilon_altar_4,
          nicolae_overflow_crystal_walls
D:3:      minitemple, first_bread

Skill      XL: |  1  2  3  4  5 |
---------------+----------------+-----
Stealth        | 3 |  3.9
Dodging        | 3 |  3.0
Conjurations   | 2 |  2.4
Spellcasting   | 5 |  5.0
Shields        | 1 |  1.6
Fire Magic     | 1 |  1.0
Summonings     | |  1.5
Translocations | |  1.9
Air Magic      | |  0.4

Action                   |  1- 3 |  4- 6 || total
-------------------------+-------+-------++-------
Melee: Unarmed           |    12 |       ||    12
       Dagger            |       |     1 ||     1
 Cast: Magic Dart        |    91 |   100 ||   191
  Use: Scroll            |     3 |     3 ||     6
       Potion            |       |     2 ||     2
  Eat: Chunk             |     3 |     4 ||     7
Armor: Robe              |     3 |     2 ||     5
       Skin              |       |     1 ||     1
Dodge: Dodged            |    25 |    18 ||    43
